AoeStats
← Horny

Arabian Desert

508893655Analyzed
1v1 RM · 8d ago on Sep 24, 2026· 30m 30s· 2 players
Game mode
Random Map
Map size
Tiny (2 player)
Population
200
Speed
Normal
Resources
Standard
Victory
Conquest
Starting age
Dark Age
Ending age
Imperial Age
RankedLock teamsTeams togetherTeam positionsShared explorationLock speedFull tech treeHidden civsTurbo modeCheats
Victory
Defeat
🇨🇴 Sicilians · Colombia
1150
+16
🇸🇮 Mongols · Slovenia
1155
-16
(COLG) CHIMUELO
2:27 Loom
18:35 Feudal Age
18:43 Man-at-Arms
19:10 Arson
Horny
10:00 Feudal Age
11:05 Feudal Age
11:55 Double-Bit Axe
15:08 Loom
21:40 Horse Collar
22:47 Bloodlines
29:33 Fletching
Connection lost

Rejoining the realm…

Still unreachable

The connection could not be restored.

Session expired

The server has moved on; the page needs a fresh start.